 Dungeon Crawl Stone Soup version 0.21.1-1-g345015f (webtiles) character file.

114 ChromeMolly the Changer (level 4, -1/27 HPs)
             Began as an Octopode Wanderer on Feb 25, 2018.
             Slain by Grinder (6 damage)
             ... on level 3 of the Dungeon on Feb 26, 2018.
             The game lasted 00:12:42 (2268 turns).

ChromeMolly the Changer (Octopode Wanderer)         Turns: 2268, Time: 00:12:42

Health: -1/27      AC:  1    Str: 13    XL:     4   Next: 98%
Magic:  16/16      EV: 12    Int: 13    God:
Gold:   116        SH:  0    Dex: 11    Spells: 6/7 levels left

rFire    . . .     SeeInvis .   e - +4 dagger
rCold    . . .     Gourm    .   (no shield)
rNeg     . . .     Faith    .   (helmet restricted)
rPois    .         Spirit   .   (no amulet)
rElec    .         Reflect  .   k - ring of magical power
rCorr    .         Harm     .   (no ring)
MR       .....                  (no ring)
Stlth    +++.......             (no ring)
HPRegen  0.09/turn              (no ring)
MPRegen  0.15/turn              (no ring)
                                (no ring)
                                (no ring)

@: no status effects
A: almost no armour, stealthy swim, amphibious, 8 rings, constrict 8, camouflage
1, gelatinous body 1
a: no special abilities


You were on level 3 of the Dungeon.
You were not hungry.

You visited 1 branch of the dungeon, and saw 3 of its levels.

You collected 116 gold pieces.

Inventory:

Hand Weapons
 a - a +1 hand axe of chopping
 e - a +4 dagger (weapon)
Missiles
 g - 109 stones
 i - 19 poisoned needles
 j - 3 javelins (quivered)
Jewellery
 k - a ring of magical power (left tentacle)
Wands
 b - a wand of polymorph (8)
 d - a wand of random effects (15)
Potions
 n - 2 potions of might
 q - a potion of heal wounds {unknown}
 r - a potion of flight {unknown}
Books
 c - Bonusoawoe's Collected Works on Evil

   Spells                             Type                      Level
   a - Pain                           Necromancy                   1
   b - Vampiric Draining              Necromancy                   3
Comestibles
 f - 2 rations


   Skills:
 + Level 0.4 Fighting
 + Level 1.2 Short Blades
 + Level 1.3 Throwing
 + Level 0.2 Dodging
 + Level 3.5 Stealth
 + Level 2.0 Spellcasting
 + Level 3.2 Necromancy
   Level 4.0 Transmutations
 + Level 2.0 Evocations


You had 6 spell levels left.
You knew the following spells:

 Your Spells              Type           Power        Failure   Level  Hunger
a - Pain                  Necr           #...         7%          1    ##.....


Dungeon Overview and Level Annotations

Branches:
Dungeon (3/15)

Altars:
Ru
Yredelemnul

Annotations:
D:3 Grinder, Ijyb


Innate Abilities, Weirdness & Mutations

You cannot wear most types of armour.
You are very stealthy in the water. (Stealth+)
You are amphibious.
You can wear up to eight rings at the same time.
You can use your tentacles to constrict eight enemies at once.
Your skin changes colour to match your surroundings (Stealth+).
Your rubbery body absorbs attacks. (AC +1, EV +1)


Message History

Press: ? - help, Shift-Dir - straight line, f/p - Grinder
Aim: Grinder (lightly wounded)
You throw a javelin. The javelin hits Grinder.
Grinder is lightly wounded.
Grinder hits you.
You writhe in agony.
You barely miss Grinder. You grab Grinder.
Grinder is lightly wounded.
You constrict Grinder, but do no damage.
Grinder closely misses you.
It was a potion of curing.
You feel better.
You constrict Grinder. Grinder hits you.
You hit Grinder.
Grinder is lightly wounded.
You constrict Grinder. Grinder hits you.
You writhe in agony.
You hit Grinder.
Grinder is moderately wounded.
You constrict Grinder. Grinder hits you.
* * * LOW HITPOINT WARNING * * *
You writhe in agony.
You die...

##.######
........#
####
#..####.#
##.(.##
#.###%....###
#(.@5((.$...#
#####.....#.#
##...## ####


You could see Grinder.

Vanquished Creatures
  Terence (D:2)
  Robin (D:2)
  3 adders (D:2)
  A dart slug (D:2)
  A leopard gecko (D:2)
  2 giant cockroaches (D:1)
  2 gnoll zombies (D:2)
  15 goblins
  7 hobgoblins
  3 kobolds
  2 quokkas (D:2)
  2 frilled lizards
  2 rats (D:1)
42 creatures vanquished.

Notes
Turn   | Place    | Note
-------+----------+-------------------------------------------
     0 | D:1      | ChromeMolly the Octopode Wanderer began the quest for the Orb.
     0 | D:1      | ChromeMolly set off with: a +2 dagger, a scroll of fear, Bonusoawoe's Collected Works on Evil, a wand of random effects (15), a ration
     0 | D:1      | Reached XP level 1. HP: 11/11 MP: 2/2
   100 | D:1      | Reached XP level 2. HP: 10/17 MP: 3/3
   102 | D:1      | Identified Bonusoawoe's Collected Works on Evil
   104 | D:1      | Learned a level 1 spell: Pain
   365 | D:1      | Reached skill level 1 in Throwing
   849 | D:2      | Reached XP level 3. HP: 11/21 MP: 5/5
   994 | D:2      | Found a basalt altar of Yredelemnul.
  1059 | D:2      | Noticed Terence
  1066 | D:2      | Killed Terence
  1176 | D:2      | Reached XP level 4. HP: 22/27 MP: 6/6
  1328 | D:2      | Reached skill level 1 in Short Blades
  1606 | D:2      | Noticed Robin
  1624 | D:2      | Found a sacrificial altar of Ru.
  1695 | D:2      | Killed Robin
  2248 | D:3      | Noticed Ijyb
  2250 | D:3      | Noticed Grinder
  2254 | D:3      | Paralysed by Grinder for 6 turns
  2268 | D:3      | Slain by Grinder

Skill      XL: |  1  2  3  4 |
---------------+-------------+-----
Throwing       | 1 |  1.3
Stealth        | 2 3 |  3.5
Short Blades   | 1 |  1.2
Evocations     | 2 |  2.0
Spellcasting   | 2 |  2.0
Fighting       | |  0.4
Dodging        | |  0.2
Necromancy     | |  3.2
Transmutations | |  4.0

Action                   |  1- 3 |  4- 6 || total
-------------------------+-------+-------++-------
Melee: Dagger            |    48 |    35 ||    83
       Constrict         |    13 |     7 ||    20
       Tentacles         |    10 |     3 ||    13
Throw: Stone             |    10 |     1 ||    11
       Javelin           |     1 |    14 ||    15
 Cast: Pain              |     1 |     6 ||     7
  Use: Scroll            |     3 |     4 ||     7
       Potion            |       |     3 ||     3
 Stab: Sleeping          |     4 |     3 ||     7
  Eat: Chunk             |     1 |     3 ||     4
Armor: Skin              |     1 |     1 ||     2
Dodge: Dodged            |    22 |    23 ||    45
